 Dungeon Crawl Stone Soup version 0.29.0-4-gdea44cf6ec (webtiles) character file.

Game seed: 18419930437797481327

30 qw the Chopper (level 3, -16/21 HPs)
             Began as a Tengu Warper on Aug 28, 2022.
             Demolished by a kobold
             ... wielding a +3 whip of electrocution
              (19 damage)
             ... on level 1 of the Dungeon.
             The game lasted 00:00:05 (963 turns).

qw the Chopper (Tengu Warper)                        Turns: 963, Time: 00:00:06

Health: -16/21     AC:  3    Str: 13    XL:     3   Next: 20%
Magic:  7/7        EV: 12    Int: 13    God:
Gold:   23         SH:  0    Dex: 13    Spells: 6/6 levels left

rFire   . . .      SeeInvis .   a - +0 hand axe
rCold   . . .      Faith    .   (no shield)
rNeg    . . .      Spirit   .   b - +0 leather armour
rPois   .          Reflect  .   (helmet restricted)
rElec   .          Harm     .   (no cloak)
rCorr   .          Rampage  .   (no gloves)
Will    .....                   (boots unavailable)
Stlth   +.........              (no amulet)
HPRegen 0.07/turn               (no ring)
MPRegen 0.10/turn               (no ring)

@: no status effects
A: beak, talons 3
a: no special abilities


You were on level 1 of the Dungeon.
You visited 1 branch of the dungeon, and saw 1 of its levels.

You collected 23 gold pieces.


Innate Abilities, Weirdness & Mutations

You have a beak for a mouth.
You have claws for feet.


   Skills:
 - Level 2.0 Fighting
 + Level 3.9 Axes
 - Level 1.0 Throwing
 - Level 1.1 Armour
 - Level 2.1 Dodging
 - Level 2.0 Spellcasting
 - Level 2.4 Translocations


You had 6 spell levels left.
You didn't know any spells.
Your spell library contained the following spells:

 Spells                   Type           Power      Damage    Failure   Level
 Blink                    Tloc           14%        N/A       19%         2
 Gell's Gravitas          Tloc           7%         N/A       36%         3
 Lesser Beckoning         Tloc           7%         N/A       36%         3
 Teleport Other           Tloc           7%         N/A       36%         3
 Manifold Assault         Tloc           7%         N/A       98%         5

Inventory:

Hand Weapons
 a - a +0 hand axe (weapon)
 l - a +0 whip
Armour
 b - a +0 leather armour (worn)
 f - a +0 ring mail
 m - a +0 chain mail
Scrolls
 c - a scroll of blinking
 e - a scroll of enchant armour {unknown}
 g - a scroll of noise {unknown}
 i - a scroll of silence {unknown}
 j - a scroll of teleportation {unknown}
 k - 2 scrolls of identify {unknown}
Potions
 d - 2 potions of magic {unknown}
 h - a potion of degeneration {unknown}

Dungeon Overview and Level Annotations

Branches:
Dungeon (1/15)

Altars:


Message History

You hit the kobold.
The kobold is heavily wounded.
You hear a shout!
The kobold hits you with a +0 short sword.
A rat comes into view.
You hit the kobold.
You kill the kobold!
You closely miss the giant cockroach. Your kick misses the giant cockroach.
You peck the giant cockroach.
The giant cockroach is severely wounded.
The giant cockroach closely misses you.
You closely miss the giant cockroach.
You claw the giant cockroach, but do no damage.
You peck the giant cockroach.
You kill the giant cockroach!
The rat twitches its whiskers.
You barely miss the frilled lizard. You claw the frilled lizard.
You kill the frilled lizard!
You slash the rat!
You kill the rat!
You barely miss the kobold. Your kick misses the kobold.
Your peck misses the kobold. The kobold closely misses you.
You hit the kobold.
The kobold is heavily wounded.
The kobold hits you with a +3 whip of electrocution.
You closely miss the kobold. Your kick misses the kobold.
You peck the kobold, but do no damage.
The kobold is heavily wounded.
The kobold misses you.
You barely miss the kobold. Your peck misses the kobold.
The kobold is heavily wounded.
The kobold hits you with a +3 whip of electrocution.
You are electrocuted!
Ouch! That really hurt!
You completely miss the kobold.
The kobold is heavily wounded.
The kobold hits you but does no damage.
You are electrocuted!!
Ouch! That really hurt!
You die...

...#....# #.#######....#
...#....########## #.##...#.....#
...+.............###.##.#.#......
...#.##.#.....##..##.##.#.#.....#
...#..#.#.....##........#.#.#....
...##.#.#.....##.:.....##.#.###.#
...# #.#...(.##.......##.#....:.
..... #.#########..######.......#
...####.# #@..........###### .#.#
#.# #K#.######..# # #.#........##
# ...######..# # ..... #..#######
...$~$. #..#...... K...$_~..
#>........ .....~~~... ####......
............# #......


You could see a kobold.

Vanquished Creatures
  2 ball pythons (D:1)
  2 bats (D:1)
  2 endoplasms (D:1)
  2 giant cockroaches (D:1)
  A goblin (D:1)
  4 jackals (D:1)
  4 kobolds (D:1)
  2 quokkas (D:1)
  3 frilled lizards (D:1)
  4 rats (D:1)
26 creatures vanquished.

Notes
Turn   | Place    | Note
-------+----------+-------------------------------------------
     0 | D:1      | qw the Tengu Warper began the quest for the Orb.
     0 | D:1      | Reached XP level 1. HP: 12/12 MP: 4/4
     0 | D:1      | 0 ||| qw: Version: 0.1-a-89-g26bdef1
     0 | D:1      | 0 ||| qw: Game counter: 1184
     0 | D:1      | 0 ||| qw: Always use a shield: true
     0 | D:1      | 0 ||| qw: God list: Okawaru
     0 | D:1      | 0 ||| qw: Allow faded altars: false
     0 | D:1      | 0 ||| qw: Do Orc after D:15 true
     0 | D:1      | 0 ||| qw: Do second Lair branch before Depths: true
     0 | D:1      | 0 ||| qw: Lair rune preference: random
     0 | D:1      | 0 ||| qw: Plans: Normal
     0 | D:1      | 0 ||| PLANNING D:1-11
   101 | D:1      | 101 ||| Stepping ~*~*~tactically~*~*~ (stealth).
   102 | D:1      | 102 ||| Stepping ~*~*~tactically~*~*~ (stealth).
   104 | D:1      | 104 ||| Stepping ~*~*~tactically~*~*~ (stealth).
   109 | D:1      | 109 ||| Stepping ~*~*~tactically~*~*~ (stealth).
   115 | D:1      | Reached skill level 3 in Axes
   115 | D:1      | Reached XP level 2. HP: 12/17 MP: 6/6
   149 | D:1      | 149 ||| Stepping ~*~*~tactically~*~*~ (stealth).
   332 | D:1      | 332 ||| Stepping ~*~*~tactically~*~*~ (stealth).
   381 | D:1      | 381 ||| Stepping ~*~*~tactically~*~*~ (stealth).
   382 | D:1      | 382 ||| Stepping ~*~*~tactically~*~*~ (stealth).
   383 | D:1      | 383 ||| Stepping ~*~*~tactically~*~*~ (stealth).
   521 | D:1      | 521 ||| DROPPING +0 club.
   665 | D:1      | 665 ||| Stepping ~*~*~tactically~*~*~ (stealth).
   666 | D:1      | 666 ||| Stepping ~*~*~tactically~*~*~ (stealth).
   676 | D:1      | 676 ||| Stepping ~*~*~tactically~*~*~ (stealth).
   780 | D:1      | Reached XP level 3. HP: 21/21 MP: 7/7
   940 | D:1      | Found a faded altar of an unknown god.
   946 | D:1      | 946 ||| Stepping ~*~*~tactically~*~*~ (stealth).
   962 | D:1      | HP: 2/21 [kobold/+3 whip of electrocution (15)]
   963 | D:1      | Demolished by a kobold

Levels and vault maps discovered:
D:1:      dpeg_arrival_rooms_c, layout_basic,
          hellmonk_ecumenical_altar_pennies_from_heaven, item_on_display_a

Skill      XL: |  1 |
---------------+----+-----
Axes           | 3 |  3.9
Fighting       | |  2.0
Throwing       | |  1.0
Armour         | |  1.1
Dodging        | |  2.1
Spellcasting   | |  2.0
Translocations | |  2.4

Action                   || total
-------------------------++-------
Melee: Hand axe          ||    65
       Kick              ||    16
       Peck              ||     7
       Punch             ||     1
Throw: Boomerang         ||     7
Armor: Leather armour    ||    13
Dodge: Dodged            ||    44

Table legend:
 A = Non-vault XP
 B = Vault XP
 C = Vault XP percentage of total XP
 D = Non-vault monster count
 E = Vault monster count
 F = Vault count percentage of total count
                 A         B        C        D         E       F
            +---------+---------+-------+---------+---------+-------
      Total |      44 |       0 |   0.0 |      26 |       0 |   0.0
            +---------+---------+-------+---------+---------+-------
        D:1 |      44 |       0 |   0.0 |      26 |       0 |   0.0
            +---------+---------+-------+---------+---------+-------
